 Dungeon Crawl Stone Soup version 0.21-a0-91-ga5031da (webtiles) character file.

395 Ordine the Slasher (level 6, -2/44 HPs)
             Began as an Octopode Fighter on June 30, 2017.
             Slain by an orc warrior
             ... wielding a +0 morningstar
              (24 damage)
             ... on level 4 of the Dungeon.
             The game lasted 00:07:49 (3024 turns).

Ordine the Slasher (Octopode Fighter)               Turns: 3024, Time: 00:07:49

Health: -2/44      AC:  1    Str: 15    XL:     6   Next: 82%
Magic:  6/6        EV: 20    Int: 11    God:
Gold:   179        SH:  5    Dex: 18    Spells: 4/5 levels left

rFire    . . .     SeeInvis .   a - +0 long sword
rCold    . . .     Gourm    .   h - +0 buckler
rNeg     . . .     Faith    .   (helmet restricted)
rPois    .         Spirit   .   (no amulet)
rElec    .         Reflect  .   (no ring)
rCorr    .         Harm     .   (no ring)
MR       .....                  (no ring)
Stlth    ++++......             (no ring)
HPRegen  0.14/turn              (no ring)
MPRegen  0.10/turn              (no ring)
                                (no ring)
                                (no ring)

@: agile
A: almost no armour, stealthy swim, amphibious, 8 rings, constrict 8, camouflage
1, gelatinous body 1
a: no special abilities


You were on level 4 of the Dungeon.
You were hungry.

You visited 1 branch of the dungeon, and saw 4 of its levels.

You collected 179 gold pieces.

Inventory:

Hand Weapons
 a - a +0 long sword (weapon)
Missiles
 e - 170 stones (quivered)
 i - 3 tomahawks
Armour
 b - a +0 shield
 h - a +0 buckler (worn)
Wands
 k - a wand of lightning (5/15)
Scrolls
 g - a scroll of recharging
Potions
 c - a potion of might
 f - 2 potions of mutation
 m - a potion of flight
Books
 p - Sif Muna's Tome of Good Luck
   (You found it on level 3 of the Dungeon)

   Spells                             Type                      Level
   a - Infusion                       Charms                       1
Comestibles
 d - 3 bread rations
 j - a royal jelly
 l - 7 fruits


   Skills:
 + Level 4.4 Fighting
 * Level 5.2 Long Blades
 - Level 3.0 Dodging
 + Level 4.4 Shields


You had 4 spell levels left.
You knew the following spells:

 Your Spells              Type           Power        Failure   Level  Hunger
a - Infusion              Chrm           #...         34%         1    ##.....


Dungeon Overview and Level Annotations

Branches:
Dungeon (4/15)
 Temple: D:4-7

Altars:
Sif Muna


Innate Abilities, Weirdness & Mutations

You cannot wear most types of armour.
You are very stealthy in the water. (Stealth+)
You are amphibious.
You can wear up to eight rings at the same time.
You can use your tentacles to constrict eight enemies at once.
Your skin changes colour to match your surroundings (Stealth+).
Your rubbery body absorbs attacks. (AC +1, EV +1)


Message History

You constrict the orc. The orc barely misses you.
You hit the orc. You squeeze the orc.
You kill the orc!
You hit the orc warrior but do no damage.
Your grab misses the orc warrior. You squeeze the orc warrior.
The orc warrior is lightly wounded.
The orc warrior hits you with a morningstar.
You hit the orc warrior. Your grab misses the orc warrior.
The orc warrior is moderately wounded.
The orc hits you with a club. The orc warrior closely misses you.
You barely miss the orc warrior. Your grab misses the orc warrior.
The orc warrior is moderately wounded.
The orc misses you.
You riposte.
You slash the orc!
You kill the orc!
The orc warrior hits you with a morningstar!!
You see here a club.
You feel agile all of a sudden.
The orc warrior hits you with a morningstar!!
Ouch! That really hurt!
You die...

... .. ## ##.
#.### .## .
#....#...##..###
##
................
#.
.[######)##o##.
#. #)#.. #.
#o#.# #. #@#.#
#. ##.#.#####
#... #......<.#
###. #..(.....#
#. #.(......# #$
########## #. #.
##


You could see an orc warrior.

Vanquished Creatures
  An ogre (D:4)
  A bullfrog (D:3)
  A howler monkey (D:4)
  2 orc wizards (D:3)
  Ijyb (D:4)
  Robin (D:3)
  3 adders (D:2)
  A worm (D:3)
  3 dart slugs
  A leopard gecko (D:2)
  7 orcs
  2 ball pythons (D:2)
  10 bats
  A giant cockroach (D:2)
  9 goblins
  14 hobgoblins
  A quokka (D:3)
  6 frilled lizards
  9 kobolds
  4 rats
78 creatures vanquished.

Notes
Turn   | Place    | Note
-------+----------+-------------------------------------------
     0 | D:1      | Ordine the Octopode Fighter began the quest for the Orb.
     0 | D:1      | Reached XP level 1. HP: 16/16 MP: 1/1
    50 | D:1      | Reached XP level 2. HP: 21/21 MP: 2/2
   552 | D:2      | Reached XP level 3. HP: 26/26 MP: 3/3
   689 | D:2      | Reached skill level 3 in Long Blades
   703 | D:2      | Reached XP level 4. HP: 17/31 MP: 4/4
  1354 | D:3      | Noticed Robin
  1378 | D:3      | Killed Robin
  2000 | D:3      | Found a deep blue altar of Sif Muna.
  2132 | D:3      | Reached XP level 5. HP: 9/37 MP: 5/5
  2195 | D:3      | Reached skill level 4 in Long Blades
  2397 | D:3      | Reached XP level 6. HP: 42/43 MP: 6/6
  2405 | D:3      | Identified Sif Muna's Tome of Good Luck
  2409 | D:3      | Learned a level 1 spell: Infusion
  2617 | D:4      | Noticed a phantom
  2662 | D:4      | Noticed Ijyb
  2670 | D:4      | HP: 2/43 [Ijyb/club (2)]
  2673 | D:4      | Killed Ijyb
  2673 | D:4      | Reached skill level 5 in Long Blades
  3018 | D:4      | Noticed an orc warrior
  3024 | D:4      | Slain by an orc warrior

Vault maps used:
D:1:      minmay_arrival_three_doors
D:2:      minmay_misc_feat_roman, kennysheep_generic_room_6
D:3:      led_sif_book, uniq_robin
D:4:      nicolae_gozag_cash_rules_everything_around_me, zin_purify,
          first_bread, uniq_ijyb

Skill      XL: |  1  2  3  4  5  6 |
---------------+-------------------+-----
Long Blades    | 3 4 5 |  5.2
Fighting       | 4 |  4.4
Shields        | 4 |  4.4
Dodging        | |  3.0

Action                   |  1- 3 |  4- 6 || total
-------------------------+-------+-------++-------
Melee: Long sword        |    50 |    96 ||   146
       Constrict         |    16 |    30 ||    46
       Tentacles         |     7 |    25 ||    32
  Use: Scroll            |     1 |     5 ||     6
       Potion            |       |     2 ||     2
 Stab: Sleeping          |     6 |     4 ||    10
  Eat: Chunk             |       |     6 ||     6
Armor: Skin              |     8 |     7 ||    15
Dodge: Dodged            |    25 |    50 ||    75
Block: Shield            |     7 |       ||     7
       Buckler           |     7 |    12 ||    19
       Rpst.: Long sword |     5 |    13 ||    18
